 Dungeon Crawl Stone Soup version 0.28-a0-906-g0406aca7d3 (webtiles) character file.

Game seed: 3616589913267274152

126 vurker the Gusty (level 4, 19/19 HPs)
             Began as a Felid Air Elementalist on Nov 23, 2021.
             Quit the game on level 4 of the Dungeon.
             The game lasted 00:03:58 (4063 turns).

vurker the Gusty (Felid Air Elementalist)           Turns: 4063, Time: 00:03:58

Health: 19/19      AC:  1    Str:  4    XL:     4   Next: 83%
Magic:  10/10      EV: 17    Int: 18    God:
Gold:   121        SH:  0    Dex: 16    Spells: 9/10 levels left
                                        Lives:  0   Deaths: 1

rFire   . . .      SeeInvis +   (weapon unavailable)
rCold   . . .      Faith    .   (shield unavailable)
rNeg    . . .      Spirit   .   (armour unavailable)
rPois   .          Reflect  .   (helmet unavailable)
rElec   .          Harm     .   (cloak unavailable)
rCorr   .          Rampage  .   (gloves unavailable)
Will    .....                   (boots unavailable)
Stlth   ++........              (no amulet)
HPRegen 0.06/turn               (no ring)
MPRegen 0.12/turn               (no ring)

@: quick
A: very small, claws 1, fangs 3, see invisible, speed 1, shaggy fur 1, stealthy
paws, no weapons or thrown items, no armour, multi-lived
a: no special abilities


You were on level 4 of the Dungeon.
You visited 1 branch of the dungeon, and saw 4 of its levels.

You collected 121 gold pieces.

Inventory:

Scrolls
 a - 2 scrolls of teleportation
 h - a scroll of immolation
Potions
 b - a potion of invisibility
 e - a potion of curing
 f - a potion of might {unknown}
 g - a potion of lignification


   Skills:
 + Level 2.1 Fighting
 - Level 2.6 Dodging
 - Level 2.6 Stealth
 * Level 3.6 Spellcasting
 + Level 2.2 Conjurations
 * Level 4.0 Air Magic


You had 9 spell levels left.
You knew the following spells:

 Your Spells              Type           Power      Damage    Failure   Level
a - Shock                 Conj/Air       56%        1d6       4%          1

Your spell library contained the following spells:

 Spells                   Type           Power      Damage    Failure   Level
 Static Discharge         Conj/Air       14%        N/A       6%          2
 Swiftness                Air            18%        N/A       9%          3
 Blink                    Tloc           6%         N/A       24%         2
 Airstrike                Air            9%         N/A       28%         4
 Lesser Beckoning         Tloc           3%         N/A       43%         3
 Tukima's Dance           Hex            3%         N/A       43%         3
 Passage of Golubria      Tloc           3%         N/A       83%         4
 Manifold Assault         Tloc           3%         N/A       99%         5
 Yara's Violent Unravell  Hex/Tmut       1%         3d3       99%         5


Dungeon Overview and Level Annotations

Branches:
Dungeon (4/15)
 Temple: D:4-7

Altars:
Sif Muna
Trog

Annotations:
D:3 Grinder


Innate Abilities, Weirdness & Mutations

You have sharp claws.
You have razor-sharp teeth.
You have supernaturally acute eyesight. (SInv)
You cover ground quickly. (Speed+)
You are covered in fur. (AC +1)
Your paws help you pounce on unaware monsters.
You are incapable of wielding weapons or throwing items.
You cannot wear armour.
You gain extra lives every three experience levels.


Message History

Your Fighting skill increases to level 2!
Your Conjurations skill increases to level 2!
You have reached level 5!
You feel clever.
Aim: an orc, wielding a +0 flail and wearing a +0 leather armour (wandering, hasn't noticed you, 71% to hit)
The zap hits the orc.
The orc shouts!
Aim: an orc, wielding a +0 flail and wearing a +0 leather armour (severely wounded, 71% to hit)
The zap hits the orc but does no damage.
Aim: an orc, wielding a +0 flail and wearing a +0 leather armour (severely wounded, 71% to hit)
The zap hits the orc.
You kill the orc!
Your Air Magic skill increases to level 4!
You see here a +0 giant club.
You see here a +0 giant club.
Things that are here:
a +0 flail; a +0 leather armour A jelly and an orc come into view.
Aim: an orc, wielding a +0 hand axe and wearing a +0 leather armour (wandering, hasn't noticed you, 71% to hit)
The zap hits the orc.
The orc shouts!
The jelly quivers.
You hear an angry hiss.
Aim: an orc, wielding a +0 hand axe and wearing a +0 leather armour (heavily wounded, 71% to hit)
The zap hits the orc.
You kill the orc!
Aim: a jelly (100% to hit)
The zap hits the jelly.
A water moccasin comes into view.
Aim: a jelly (moderately wounded, 100% to hit)
The zap hits the jelly.
The zap hits the water moccasin.
Aim: a jelly (heavily wounded, 100% to hit)
The zap hits the jelly. x2
The zap hits the water moccasin.
The zap misses the water moccasin.
The water moccasin closely misses you.
The zap misses the water moccasin.
The zap hits the jelly.
You kill the jelly!
The water moccasin bites you.
You are poisoned.
The water moccasin poisons you! The water moccasin bites you.
* * * LOW HITPOINT WARNING * * *
You are more poisoned.
The water moccasin poisons you!
The zap hits the water moccasin.
The zap misses the water moccasin.
* * * LOW HITPOINT WARNING * * *
You feel extremely sick. The water moccasin bites you.
You die...
You are now level 4!
You rejoin the land of the living...

... .....# ##'##
.#.#)..#..#
##...##
#.#.#.###..#
##.....## #
#.... ...#
##.......## ...
.. #
#.........####..
## #
+.........'...
#.........#
#....@..#
##.....## #
##...## # ##+##
#


There were no monsters in sight!

Vanquished Creatures
  An ogre (D:4)
  A jelly (D:4)
  A killer bee zombie (D:3)
  2 adders
  4 worms
  A dart slug (D:3)
  9 orcs
  10 ball pythons
  4 endoplasms
  A giant cockroach (D:3)
  4 hobgoblins
  4 jackals (D:2)
  7 quokkas
  5 bats
  2 frilled lizards
  4 goblins
  3 kobolds
  3 rats
66 creatures vanquished.

Notes
Turn   | Place    | Note
-------+----------+-------------------------------------------
     0 | D:1      | vurker the Felid Air Elementalist began the quest for the
                  | Orb.
     0 | D:1      | Reached XP level 1. HP: 7/7 MP: 4/4
   135 | D:1      | Reached skill level 1 in Conjurations
   499 | D:1      | Reached XP level 2. HP: 12/12 MP: 4/6
   717 | D:1      | Reached skill level 3 in Air Magic
  1018 | D:2      | Reached XP level 3. HP: 15/15 MP: 1/7
  1276 | D:2      | Reached skill level 1 in Fighting
  2108 | D:2      | Found a faded altar of an unknown god.
  2342 | D:3      | Found a shimmering blue altar of Sif Muna.
  2355 | D:3      | Noticed Grinder
  2368 | D:3      | Reached XP level 4. HP: 19/19 MP: 2/9
  2710 | D:3      | Found a bloodstained altar of Trog.
  3917 | D:4      | Noticed an ogre
  3936 | D:4      | Killed an ogre
  3937 | D:4      | Reached XP level 5. HP: 22/22 MP: 3/11
  3940 | D:4      | Reached skill level 4 in Air Magic
  4048 | D:4      | Noticed a water moccasin
  4062 | D:4      | Slain by a water moccasin
  4063 | D:4      | Reached XP level 4. HP: -3/19 MP: 4/10
  4063 | D:4      | Quit the game

Illustrated notes

Levels and vault maps discovered:
D:1:      dpeg_arrival_orchard, layout_basic, nrook_campfire
D:2:      layout_loops_ring, shapermc_ecumenical_altar_acropolis,
          corexii_item_surrounded_by_moat, skrybe_limestone_x
D:3:      layout_loops_cross, trog_book, kennysheep_orc_sif_temple, uniq_grinder
D:4:      layout_loops_corners, minmay_overflow_temple_hex

Skill      XL: |  1  2  3  4  5 |
---------------+----------------+-----
Conjurations   | 1 2 |  2.2
Air Magic      | 3 4 |  4.0
Fighting       | 1 2 |  2.1
Spellcasting   | 3 |  3.6
Dodging        | |  2.6
Stealth        | |  2.6

Action                   |  1- 3 |  4- 6 || total
-------------------------+-------+-------++-------
Melee: Unarmed           |     2 |     2 ||     4
       Bite              |     1 |       ||     1
 Cast: Shock             |   107 |    74 ||   181
  Use: Scroll            |       |     8 ||     8
Armor: Skin              |     2 |       ||     2
Dodge: Dodged            |    27 |    10 ||    37

Table legend: (Time is in decaauts)
 A = Elapsed time spent in this place.
 B = Non-inter-level travel time spent in this place.
 C = Inter-level travel time spent in this place.
 D = Time resting spent in this place.
 E = Time spent auto-exploring this place.
 F = Levels seen in this place.
 G = Mean time per level.
                   A        B        C        D        E       F      G
               +--------+--------+--------+--------+--------+-----+--------+
         Total |   3704 |   3603 |    101 |    177 |   3008 |   4 |  926.0 |
       Dungeon |   3704 |   3603 |    101 |    177 |   3008 |   4 |  926.0 |
               +--------+--------+--------+--------+--------+-----+--------+

Top non-repeatable levels by time:
     D:2: 1117 daAuts
     D:3: 1032 daAuts
     D:1: 978 daAuts
     D:4: 576 daAuts
